 Dungeon Crawl Stone Soup version 0.30-a0-368-g86fb4627a9 (webtiles) character file.

Game seed: 6457351194569815384

1775 KennySheep the Conjurer (level 8, -11/57 HPs)
             Began as a Demigod Conjurer on Nov 19, 2022.
             Mangled by a gargoyle
             ... wielding a +0 flail
              (25 damage)
             ... on level 7 of the Dungeon.
             The game lasted 00:16:18 (6215 turns).

KennySheep the Conjurer (Demigod Conjurer)          Turns: 6215, Time: 00:16:19

Health: -11/57     AC:  3    Str: 18    XL:     8   Next: 51%
Magic:  23/27      EV: 12    Int: 24    God:
Gold:   256        SH:  0    Dex: 12    Spells: 4/16 levels left

rFire   . . .      SeeInvis .    e - +1 dagger
rCold   . . .      Faith    .    (no shield)
rNeg    . . .      Spirit   .    a - +0 robe
rPois   .          Reflect  .    r - +0 helmet
rElec   .          Harm     .    (no cloak)
rCorr   .          Rampage  .    (no gloves)
Will    .....                    (no boots)
Stlth   ++........               (no amulet)
HPRegen 0.29/turn                C - ring of magical power
MPRegen 0.20/turn                k - +6 ring of strength

@: very slightly contaminated
A: high MP 1, forlorn, divine attributes
a: no special abilities


You were on level 7 of the Dungeon.
You visited 1 branch of the dungeon, and saw 7 of its levels.

You collected 350 gold pieces.
You spent 94 gold pieces at shops.

Inventory:

Hand Weapons
 e - a +1 dagger (weapon)
Armour
 a - a +0 robe (worn)
 r - a +0 helmet (worn)
Magical Staves
 h - a staff of fire
 t - a staff of poison
 y - a staff of cold
Jewellery
 c - a ring of see invisible
 k - a +6 ring of strength (right hand)
 u - a ring of flight
 C - a ring of magical power (left hand)
Wands
 A - a wand of mindburst (18)
Scrolls
 f - a scroll of enchant weapon
 g - 6 scrolls of blinking
 i - 2 scrolls of identify {unknown}
 j - a scroll of summoning {unknown}
 l - a scroll of vulnerability {unknown}
 m - a scroll of teleportation
 o - 4 scrolls of noise {unknown}
 s - a scroll of butterflies {unknown}
 x - a scroll of amnesia {unknown}
 B - a scroll of enchant armour {unknown}
Potions
 b - 2 potions of magic
 d - 8 potions of curing
 n - a potion of berserk rage {unknown}
 p - a potion of brilliance {unknown}
 q - 2 potions of heal wounds {unknown}
 v - a potion of ambrosia {unknown}
 w - a potion of degeneration {unknown}
 z - a potion of might {unknown}


   Skills:
 - Level 1.7 Dodging
 - Level 1.7 Stealth
 + Level 4.5 Spellcasting
 * Level 7.6 Conjurations
 * Level 6.4 Translocations


You had 4 spell levels left.
You knew the following spells:

 Your Spells              Type           Power      Damage    Failure   Level
a - Magic Dart            Conj           100%       1d8       1%          1
b - Searing Ray           Conj           84%        2d7       1%          2
c - Iskenderun's Mystic   Conj/Tloc      39%        2d9       5%          4
d - Lee's Rapid Deconstr  Erth           2%         3d5*      95%         5

Your spell library contained the following spells:

 Spells                   Type           Power      Damage    Failure   Level
 Dazzling Flash           Conj/Hex       46%        N/A       6%          3
 Fulminant Prism          Conj/Hex       11%        3d8       19%         4
 Leda's Liquefaction      Hex/Erth       2%         N/A       67%         4
 Statue Form              Tmut/Erth      3%         N/A       100%        6


Dungeon Overview and Level Annotations

Branches:
Dungeon (7/15)
 Temple: D:4-7

Shops:
D:2 *   D:3 *   D:4 *

Annotations:
D:2 1 runed translucent door, Crazy Yiuf
D:6 Menkaure, Sigmund


Innate Abilities, Weirdness & Mutations

You have an increased reservoir of magic. (+10% MP)
You shall have no god before yourself.
Your divine heritage dramatically boosts your attributes as you level up.


Message History

Casting: Searing Ray (safe; 1% risk of failure)
Confirm with . or Enter, or press ? or * to list all spells.
You erupt in a blast of force!
The mystic blast hits the gargoyle.
The gargoyle is moderately damaged.
The gargoyle is knocked back by the mystic blast.
The gargoyle slams into the rock wall!
The gargoyle is moderately damaged.
You hear an angry hiss.
Casting: Iskenderun's Mystic Blast (dangerous; 5% risk of failure)
Confirm with . or Enter, or press ? or * to list all spells.
You miscast Iskenderun's Mystic Blast.
You are very lightly contaminated with residual magic.
Nothing appears to happen.
The gargoyle hits you with a +0 flail!
Casting: Iskenderun's Mystic Blast (dangerous; 5% risk of failure)
Confirm with . or Enter, or press ? or * to list all spells.
You erupt in a blast of force!
The mystic blast hits the wight.
The wight is moderately damaged.
The wight is knocked back by the mystic blast.
The wight collides with the wight!
The wight is lightly damaged.
The wight is severely damaged.
The mystic blast hits the gargoyle!
The gargoyle is severely damaged.
The gargoyle hits you with a +0 flail!
* * * LOW HITPOINT WARNING * * *
Casting: Iskenderun's Mystic Blast (dangerous; 5% risk of failure)
Confirm with . or Enter, or press ? or * to list all spells.
You erupt in a blast of force!
The mystic blast hits the wight.
The wight is almost destroyed.
The wight is knocked back by the mystic blast.
The wight collides with the wight!
The wight is moderately damaged.
You destroy the wight!
The mystic blast hits the gargoyle.
The gargoyle is severely damaged.
The gargoyle is knocked back by the mystic blast.
The gargoyle slams into the rock wall!
The gargoyle is almost destroyed.
Magic courses through your body. The gargoyle hits you with a +0 flail!!
You die...

.# . #.. .. ..#
... #.# ...z
##.######
....z##........
.....o9........
#####@.###
#........#
.####.###l.#......
...........# #####
####l..####
#..<<.#
..........#
.###.........
......######


You could see an orc warrior, a gargoyle, an iguana and 2 wights.

Vanquished Creatures
  Grinder (D:5)
  A water moccasin (D:7)
  A black bear (D:4)
  An ice beast (D:6)
  An ogre (D:5)
  Blork the orc (D:5)
  3 scorpions (D:5)
  A necrophage (D:7)
  A wight (D:7)
  6 killer bees (D:5)
  5 hounds
  4 orc priests
  A jelly (D:4)
  Ijyb (D:5)
  An orc wizard (D:5)
  An iguana (D:5)
  A statue (D:4)
  3 gnolls (D:2)
  6 adders
  3 worms
  2 dart slugs
  15 orcs
  7 bats
  10 endoplasms
  4 giant cockroaches
  10 goblins
  6 hobgoblins
  7 jackals (D:2)
  4 quokkas
  12 ball pythons
  2 frilled lizards (D:2)
  8 kobolds
  5 rats
135 creatures vanquished.

Notes
Turn   | Place    | Note
-------+----------+-------------------------------------------
     0 | D:1      | KennySheep the Demigod Conjurer began the quest for the
                  | Orb.
     0 | D:1      | Reached XP level 1. HP: 14/14 MP: 5/5
   225 | D:1      | Reached XP level 2. HP: 20/20 MP: 4/7
   234 | D:1      | Reached skill level 1 in Translocations
   694 | D:1      | Reached skill level 4 in Conjurations
  1221 | D:2      | Reached XP level 3. HP: 26/26 MP: 5/8
  1224 | D:2      | Learned a level 2 spell: Searing Ray
  1400 | D:2      | Found Neoq's General Store.
  1417 | D:2      | Reached XP level 4. HP: 33/33 MP: 5/10
  1875 | D:2      | Learned a level 4 spell: Iskenderun's Mystic Blast
  2010 | D:2      | Found a runed translucent door.
  2011 | D:2      | Noticed Crazy Yiuf
  2696 | D:3      | Found Orchul's Assorted Antiques.
  2715 | D:3      | Bought a fuming white potion for 15 gold pieces
  2715 | D:3      | Bought 2 ruby potions for 30 gold pieces
  2715 | D:3      | Bought a scroll labelled QILIFFU VOUMN for 17 gold pieces
  2715 | D:3      | Bought a scroll labelled UKKY TAJIPHODD for 17 gold pieces
  2715 | D:3      | Bought a coppery potion for 15 gold pieces
  3300 | D:4      | Found Rovoplokh's General Store.
  3714 | D:4      | Reached XP level 5. HP: 29/38 MP: 1/11
  4050 | D:4      | Reached skill level 5 in Conjurations
  4486 | D:5      | Entered Level 5 of the Dungeon
  4488 | D:5      | Noticed Blork the orc
  4489 | D:5      | Noticed a black bear
  4495 | D:4      | Killed a black bear
  4496 | D:4      | Reached XP level 6. HP: 45/45 MP: 4/13
  4685 | D:5      | Noticed Grinder
  4690 | D:5      | Paralysed by Grinder for 4 turns
  4696 | D:5      | Killed Grinder
  4747 | D:5      | Reached XP level 7. HP: 35/50 MP: 1/15
  4856 | D:5      | Noticed Ijyb
  4862 | D:5      | Reached skill level 6 in Conjurations
  4870 | D:5      | Killed Ijyb
  5042 | D:5      | Reached skill level 5 in Translocations
  5268 | D:5      | Killed Blork the orc
  5269 | D:5      | Reached XP level 8. HP: 51/57 MP: 9/17
  5396 | D:5      | Reached skill level 7 in Conjurations
  5486 | D:5      | Learned a level 5 spell: Lee's Rapid Deconstruction
  5894 | D:6      | Noticed Sigmund
  5894 | D:6      | Noticed Menkaure
  5901 | D:6      | HP: 1/57 [centaur/arrow (9)]
  6206 | D:7      | Noticed a gargoyle
  6215 | D:7      | Mangled by a gargoyle

Illustrated notes

Levels and vault maps discovered:
D:1:      eino_arrival_cavern_a, layout_basic
D:2:      layout_basic, serial_shops, nicolae_shop_stone,
          uniq_crazy_yiuf_cottage
D:3:      layout_loops_ring, serial_shops, nicolae_square_shop
D:4:      layout_rooms, cheibrodos_worm_habitat, vehumet_statue,
          makhleb_blood_cavern_becter, lemuel_crystal_altar, serial_shops,
          nicolae_shop_crystal
D:5:      layout_basic, uniq_blork_the_orc, uniq_grinder, uniq_ijyb
D:6:      layout_basic, mainiacjoe_overflow_small_starburst,
          mainiacjoe_overflow_cross_hatched, temple_fountains, uniq_sigmund,
          uniq_menkaure
D:7:      layout_loops_ring, zin_treasury

Skill      XL: |  1  2  3  4  5  6  7  8 |
---------------+-------------------------+-----
Translocations | 1 2 3 4 5 6 |  6.4
Spellcasting   | 2 3 4 |  4.5
Conjurations   | 4 5 6 7 |  7.6
Dodging        | |  1.7
Stealth        | |  1.7

Action                   |  1- 3 |  4- 6 |  7- 9 || total
-------------------------+-------+-------+-------++-------
Melee: Dagger            |    17 |     6 |     1 ||    24
       Punch             |       |     1 |       ||     1
 Cast: Magic Dart        |    64 |   166 |    56 ||   286
       Searing Ray       |     1 |     6 |    18 ||    25
       Iskenderun's Myst |       |       |     6 ||     6
  Use: Scroll            |     1 |     2 |       ||     3
       Potion            |       |       |     2 ||     2
 Stab: Sleeping          |     1 |       |       ||     1
Armor: Robe              |     7 |    14 |     4 ||    25
Dodge: Dodged            |    11 |    20 |    33 ||    64

Table legend: (Time is in decaauts)
 A = Elapsed time spent in this place.
 B = Non-inter-level travel time spent in this place.
 C = Inter-level travel time spent in this place.
 D = Time resting spent in this place.
 E = Time spent auto-exploring this place.
 F = Levels seen in this place.
 G = Mean time per level.
                   A        B        C        D        E       F      G
               +--------+--------+--------+--------+--------+-----+--------+
         Total |   6222 |   5952 |    270 |   1033 |   4219 |   7 |  888.9 |
       Dungeon |   6222 |   5952 |    270 |   1033 |   4219 |   7 |  888.9 |
               +--------+--------+--------+--------+--------+-----+--------+

Top non-repeatable levels by time:
     D:4: 1417 daAuts
     D:2: 1385 daAuts
     D:5: 1373 daAuts
     D:1: 1208 daAuts
     D:3: 703 daAuts
     D:7: 68 daAuts
     D:6: 65 daAuts
